 Dungeon Crawl Stone Soup version 0.16-a0-3641-g71d4c1b (webtiles) character file.

2175 aumanor the Covert (level 9, -6/51 HPs)
             Began as a Kobold Assassin on Mar 4, 2015.
             Was an Initiate of Pakellas.
             Killed by divine providence
             ... invoked by an orc priest
              (16 damage)
             ... on level 6 of the Dungeon on Mar 26, 2015.
             The game lasted 00:47:01 (7036 turns).

aumanor the Covert (Kobold Assassin)                Turns: 7036, Time: 00:47:02

Health: -6/51      AC:  6    Str: 14    XL:     9   Next: 58%
Magic:  9/10       EV: 21    Int:  9    God:    Pakellas [......]
Gold:   327        SH:  0    Dex: 21    Spells: 0 memorised, 8 levels left

rFire  . . .     SeeInvis .     b - +0 blowgun
rCold  . . .     Clarity  .     c - +0 robe
rNeg   . . .     SustAb   .     (no shield)
rPois  .         Gourm    .     (no helmet)
rElec  .         Spirit   .     d - +0 cloak
rCorr  .         Warding  .     x - +0 pair of gloves
rMut   .         Stasis   .     s - +1 pair of boots
MR     +....                    k - amulet of rage
Stlth  ++++++....               l - ring of protection from magic
                                h - +5 ring of strength

@: somewhat resistant to hostile enchantments, very stealthy
A: carnivore 3
a: Renounce Religion, Evoke Berserk Rage


You were on level 6 of the Dungeon.
You worshipped Pakellas.
Pakellas was noncommittal.
You were completely stuffed.

You visited 2 branches of the dungeon, and saw 7 of its levels.

You collected 327 gold pieces.

Inventory:

Hand weapons
 a - a +2 dagger
 b - a +0 blowgun (weapon)
Missiles
 u - 16 stones
 D - 12 tomahawks
 L - 9 poisoned needles (quivered)
Armour
 c - a +0 robe (worn)
 d - a +0 cloak (worn)
 o - a +0 leather armour
 s - a +1 pair of boots (worn)
 x - a +0 pair of gloves (worn)
Jewellery
 h - a +5 ring of strength (left hand)
 k - an amulet of rage (around neck)
 l - a ring of protection from magic (right hand)
 n - a -3 ring of dexterity
Magical devices
 e - a wand of digging (1)
 f - a wand of frost (22)
Scrolls
 m - 2 scrolls of enchant weapon
 q - 2 scrolls of blinking
 r - 3 scrolls of identify
 t - a scroll of recharging {unknown}
 v - a scroll of noise {unknown}
 w - 6 scrolls of remove curse
 y - a scroll of magic mapping {unknown}
 F - a scroll of amnesia
 G - a scroll of teleportation {unknown}
 J - 2 scrolls of fog {unknown}
Potions
 i - 2 potions of haste
 j - 2 potions of agility
 A - a potion of magic
 B - a potion of brilliance
 C - a potion of cancellation {unknown}
 E - a potion of flight {unknown}
 K - a potion of berserk rage {unknown}
Comestibles
 g - 6 meat rations
 z - a slice of pizza
 I - a royal jelly


   Skills:
 - Level 3.2 Fighting
 + Level 7.6 Short Blades
 + Level 8.1 Throwing
 + Level 6.8 Dodging
 + Level 10.6 Stealth
 * Level 1.1 Evocations


You had 8 spell levels left.
You didn't know any spells.

Dungeon Overview and Level Annotations

Branches:
Dungeon (6/15)             Temple (1/1) D:6

Altars:
Fedhas
Kikubaaqudgha
Makhleb
Okawaru
Pakellas
Sif Muna
Vehumet
Xom
Zin
The Shining One


Innate Abilities, Weirdness & Mutations

You are small and have problems with some larger weapons.
You are carnivorous and can eat meat at any time.


Message History

Evoke which item? (* to show all) (? for menu, Esc to quit)
Zapping:
f - a wand of frost (24)
Press: ? - help, Shift-Dir - straight line, f/p - orc priest
Aim: an orc priest, wielding an enchanted flail (heavily wounded)
The puff of frost hits the orc priest.
The orc priest is severely wounded.
This wand has 23 charges left.
The orc priest calls down the wrath of Beogh upon you.
You easily resist.
Evoke which item? (* to show all) (? for menu, Esc to quit)
Zapping:
f - a wand of frost (23)
Press: ? - help, Shift-Dir - straight line, f/p - orc priest
Aim: an orc priest, wielding an enchanted flail (severely wounded)
The puff of frost hits the orc priest.
The orc priest is almost dead.
This wand has 22 charges left.
The orc priest's eyes start to glow.
The orc priest invokes the aid of Beogh against you.
Something smites you!
You die...

#.....####.....................
#..#..# ####................##
#..#..# #####.#(....##.####
#.....# ###.##.##### #.....#
############### # ......#
#.##...... .... #
#.##..####.##.##.# ###.######
#.##....o........#####.........
#.......o)o....@..........##.###
..##..#.###.#.####.###.####.###
#.o((........#.# #.###.##......
..##.#####..#.# #.....####.###
o. ...... #.#........... ..#
##.##.# #.#.#.#####.## #. ..#
..#<#.# ###.## #.#..#
#..#.#.###..... ... #.#...
...#...........


You could see an orc priest and 2 orcs.

Vanquished Creatures
  Pikel (D:5)
  A sky beast (D:5)
  An ice beast (D:5)
  2 slaves (D:5)
  2 orc warriors
  4 ogres
  Duvessa (D:4)
  4 giant frogs (D:6)
  Blork the orc (D:4)
  A scorpion (D:5)
  A wight (D:3)
  Dowan (D:4)
  A giant frog zombie (D:4)
  A jelly (D:5)
  Crazy Yiuf (D:4)
  An iguana (D:4)
  2 giant frog skeletons
  3 hounds
  An orc wizard (D:3)
  3 worker ants (D:4)
  A hound zombie (D:6)
  A hound skeleton (D:6)
  7 adders
  A shadow imp (D:5)
  A giant mite (D:6)
  A worm (D:2)
  2 adder skeletons
  5 giant geckos
  An ooze (D:1)
  9 orcs
  3 ball pythons
  3 bat skeletons (D:4)
  A bat zombie (D:4)
  5 giant cockroaches
  9 goblins
  23 hobgoblins
  8 jackals
  14 kobolds
  5 quokkas
  14 bats
  A giant gecko zombie (D:4)
  4 giant newts
  A jackal skeleton (D:4)
  A jackal zombie (D:4)
  A quokka skeleton (D:4)
  10 rats
  A plant (D:4)
166 creatures vanquished.

Notes
Turn   | Place    | Note
--------------------------------------------------------------
     0 | D:1      | aumanor, the Kobold Assassin, began the quest for the Orb.
     0 | D:1      | Reached XP level 1. HP: 12/12 MP: 1/1
   280 | D:1      | Reached XP level 2. HP: 15/17 MP: 2/2
   621 | D:1      | Reached skill level 6 in Stealth
   621 | D:1      | Reached XP level 3. HP: 22/22 MP: 3/3
  1218 | D:2      | Reached XP level 4. HP: 13/27 MP: 4/4
  1684 | D:2      | Found a burning altar of Makhleb.
  1806 | D:2      | Reached XP level 5. HP: 32/32 MP: 5/5
  2018 | D:2      | Found a blossoming altar of Fedhas.
  2019 | D:2      | Found a deep blue altar of Sif Muna.
  2316 | D:3      | Noticed an orc warrior
  2643 | D:3      | Reached skill level 7 in Stealth
  2719 | D:3      | Killed an orc warrior
  2719 | D:3      | Reached XP level 6. HP: 37/37 MP: 6/6
  3184 | D:4      | Reached skill level 5 in Throwing
  3184 | D:4      | Reached skill level 8 in Stealth
  3184 | D:4      | Reached XP level 7. HP: 41/41 MP: 7/7
  3456 | D:4      | Noticed Blork the orc
  3478 | D:4      | Killed Blork the orc
  3664 | D:4      | Reached XP level 8. HP: 41/46 MP: 8/8
  3886 | D:4      | Reached skill level 5 in Short Blades
  4551 | D:3      | Found a radiant altar of Vehumet.
  4760 | D:4      | Noticed Duvessa
  4760 | D:4      | Noticed Dowan
  4787 | D:4      | Killed Duvessa
  4787 | D:4      | Reached skill level 5 in Dodging
  4787 | D:4      | Reached skill level 9 in Stealth
  5092 | D:4      | Killed Dowan
  5108 | D:4      | Noticed Crazy Yiuf
  5160 | D:4      | Killed Crazy Yiuf
  5263 | D:5      | Entered Level 5 of the Dungeon
  5426 | D:5      | Found a burning altar of Makhleb.
  5993 | D:6      | Found a glowing golden altar of the Shining One.
  6080 | D:6      | Found a staircase to the Ecumenical Temple.
  6087 | Temple   | Entered the Ecumenical Temple
  6094 | Temple   | Became a worshipper of Pakellas the Inventive
  6238 | D:6      | Reached XP level 9. HP: 48/51 MP: 9/9
  6584 | D:5      | Noticed Pikel
  6597 | D:5      | Killed Pikel
  6597 | D:5      | Reached skill level 10 in Stealth
  6896 | D:6      | Found a glowing silver altar of Zin.
  7030 | D:6      | Reached skill level 1 in Evocations
  7036 | D:6      | Killed from afar by an orc priest

Action                   |  1- 3 |  4- 6 |  7- 9 || total
-------------------------+-------+-------+-------++-------
Melee: Dagger            |    93 |   108 |   369 ||   570
 Fire: Blowgun           |    16 |    48 |    87 ||   151
Throw: Stone             |       |       |     6 ||     6
       Tomahawk          |       |       |    19 ||    19
Evoke: Wand              |       |       |     8 ||     8
  Use: Scroll            |     4 |     2 |     4 ||    10
       Potion            |       |       |     2 ||     2
 Stab: Sleeping          |     9 |    23 |    23 ||    55
       Distracted        |       |       |     2 ||     2
  Eat: Chunk             |     9 |     6 |    13 ||    28
